 Dungeon Crawl Stone Soup version 0.29-a0-297-g7659ce593d (webtiles) character file.

Game seed: 5382148007918905497

462 kipponium the Chopper (level 6, -4/66 (70) HPs)
             Began as a Demonspawn Berserker on Mar 21, 2022.
             Was a Believer of Trog.
             Slain by a kobold brigand
             ... wielding a +2 dagger of draining
              (8 damage)
             ... on level 3 of the Dungeon.
             The game lasted 00:05:40 (3242 turns).

kipponium the Chopper (Demonspawn Berserker)        Turns: 3242, Time: 00:05:41

HP:   -4/66 (70)    AC:  4    Str: 19    XL:     6   Next: 79%
MP:   6/6           EV: 12    Int: 16    God:    Trog [**....]
Gold: 152           SH:  0    Dex: 18    Spells: 5/5 levels left

rFire   . . .      SeeInvis +   a - +0 hand axe
rCold   . . .      Faith    .   (no shield)
rNeg    . . .      Spirit   .   n - +1 leather armour "Goaf" {Int+7 SInv}
rPois   .          Reflect  .   (no helmet)
rElec   .          Harm     .   (no cloak)
rCorr   .          Rampage  .   (no gloves)
Will    .....                   (no boots)
Stlth   ..........              (no amulet)
HPRegen 0.21/turn               p - +6 ring of dexterity
MPRegen 0.10/turn               (no ring)

@: berserking, lethally poisoned (-4 -> -9), slowed, drained
A: ignite blood 1, spiny 2
a: Renounce Religion, Berserk, Trog's Hand


You were on level 3 of the Dungeon.
You worshipped Trog.
Trog was pleased with you.
You visited 1 branch of the dungeon, and saw 3 of its levels.

You collected 152 gold pieces.

Inventory:

Hand Weapons
 a - a +0 hand axe (weapon)
Missiles
 d - 6 poisoned darts
 j - 3 boomerangs (quivered)
Armour
 b - a +0 animal skin
 n - the +1 leather armour "Goaf" (worn) {Int+7 SInv}
   (You found it on level 2 of the Dungeon)

   Int:       It affects your intelligence (+7).
   SInv:      It lets you see invisible.
Jewellery
 p - a +6 ring of dexterity (left hand)
Scrolls
 c - 3 scrolls of holy word {unknown}
 e - a scroll of summoning {unknown}
 h - a scroll of amnesia {unknown}
 l - a scroll of silence {unknown}
 m - 3 scrolls of identify {unknown}
 o - a scroll of brand weapon {unknown}
Potions
 f - 3 potions of magic {unknown}
 g - a potion of resistance {unknown}
 i - a potion of might {unknown}
 k - a potion of curing {unknown}


   Skills:
 - Level 3.0 Fighting
 * Level 7.0 Axes
 + Level 0.9 Throwing
 - Level 1.7 Armour
 - Level 1.7 Dodging


You had 5 spell levels left.
You didn't know any spells.
Your spell library was empty.

Dungeon Overview and Level Annotations

Branches:
Dungeon (3/15)

Altars:
Sif Muna
Trog

Shops:
D:2 :


Innate Abilities, Weirdness & Mutations

Your demonic aura sometimes causes spilled blood to erupt in flames.
You are mostly covered in sharp spines.


Message History

You hit the kobold.
You kill the kobold!
Trog accepts your kill.
You hit the kobold.
You kill the kobold!
Trog accepts your kill.
The kobold brigand throws a curare-tipped dart.
The curare-tipped dart hits you.
You are poisoned.
You have difficulty breathing.
You feel yourself slow down.
You feel very sick.
Things that are here:
a +0 dagger; a kobold corpse You feel sick.
The kobold brigand throws a curare-tipped dart.
The curare-tipped dart hits you.
You are more poisoned.
You have difficulty breathing.
You feel as though you will be slow longer.
* * * LOW HITPOINT WARNING * * *
You feel very sick.
The kobold brigand is struck by your spines.
The kobold brigand closely misses you.
You barely miss the kobold brigand.
The kobold brigand is lightly wounded.
* * * LOW HITPOINT WARNING * * *
You feel very sick.
The kobold brigand hits you with a +2 dagger of draining.
* * * LOW HITPOINT WARNING * * *
You feel drained.
The kobold brigand hits you with a +2 dagger of draining.
* * * LOW HITPOINT WARNING * * *
You feel drained.
* * * LOW HITPOINT WARNING * * *
A red film seems to cover your vision as you go berserk!
You feel yourself moving faster!
You feel mighty!
* * * LOW HITPOINT WARNING * * *
You feel very sick.
The kobold brigand hits you with a +2 dagger of draining!
You die...

.########†####≈#.)#
.# #.....##
#≈≈#.)## .# #######
##≈≈##).# [#
#≈≈≈≈#).# .#
#≈≈≈≈#..# ##
#≈≈≈≈#).# #
##≈≈##))# #
#≈≈#..## # #≈ #@.#
# # #.K## # #..#
#..# #..# #..# ..##
..


You could see a kobold brigand.

Vanquished Creatures
  Sigmund (D:3)
  A sky beast (D:3)
  Jessica (D:2)
  Natasha (thrice) (D:2)
  4 adders
  A worm (D:2)
  2 dart slugs (D:2)
  5 orcs (D:3)
  6 bats
  6 endoplasms
  A giant cockroach (D:1)
  A hobgoblin (D:3)
  2 jackals (D:1)
  14 kobolds
  4 quokkas
  6 ball pythons
  A frilled lizard (D:1)
  5 goblins
  5 rats
69 creatures vanquished.

Notes
Turn   | Place    | Note
-------+----------+-------------------------------------------
     0 | D:1      | kipponium the Demonspawn Berserker began the quest for the
                  | Orb.
     0 | D:1      | Reached XP level 1. HP: 18/18 MP: 1/1
   128 | D:1      | Reached skill level 3 in Axes
   223 | D:1      | Gained mutation: Your demonic aura sometimes causes spilled
                  | blood to erupt in flames. [demonic ancestry]
   223 | D:1      | Reached XP level 2. HP: 20/24 MP: 2/2
   821 | D:1      | Reached ** piety under Trog
  1577 | D:2      | Reached XP level 3. HP: 29/29 MP: 3/3
  1584 | D:2      | Found a shimmering blue altar of Sif Muna.
  1678 | D:2      | Noticed Jessica
  1683 | D:2      | Killed Jessica
  1684 | D:2      | Reached skill level 4 in Axes
  1861 | D:2      | Reached XP level 4. HP: 26/35 MP: 4/4
  2246 | D:2      | Found Ujupp's Book Emporium.
  2283 | D:2      | Found a faded altar of an unknown god.
  2352 | D:2      | Noticed Natasha
  2361 | D:2      | HP: 2/52 [Natasha (2)]
  2366 | D:2      | Killed Natasha
  2367 | D:2      | Reached skill level 5 in Axes
  2674 | D:2      | Noticed Natasha
  2686 | D:2      | Killed Natasha
  2687 | D:2      | Gained mutation: You are partially covered in sharp spines.
                  | [demonic ancestry]
  2687 | D:2      | Reached XP level 5. HP: 41/41 MP: 5/5
  2731 | D:2      | Identified the +1 leather armour "Goaf" {Int+7 SInv}
  2781 | D:2      | Noticed Natasha
  2786 | D:2      | Killed Natasha
  2820 | D:3      | Noticed a sky beast
  2834 | D:3      | Killed a sky beast
  2835 | D:3      | Reached skill level 6 in Axes
  2835 | D:3      | Gained mutation: You are mostly covered in sharp spines.
                  | [demonic ancestry]
  2835 | D:3      | Reached XP level 6. HP: 47/47 MP: 6/6
  2970 | D:3      | Found a bloodstained altar of Trog.
  3139 | D:3      | Noticed Sigmund
  3145 | D:3      | Killed Sigmund
  3227 | D:3      | Reached skill level 7 in Axes
  3242 | D:3      | Slain by a kobold brigand

Illustrated notes

Levels and vault maps discovered:
D:1:      eino_arrival_water_star, layout_basic, kennysheep_doodads
D:2:      kennysheep_six_static_rooms, layout_basic,
          chequers_ecumenical_altar_grove, basic_altar, serial_shops,
          nicolae_diamond_shop, uniq_jessica, uniq_natasha
D:3:      cheibrodos_thug_alley, layout_basic, trog_butcher_becter,
          mainiacjoe_overflow_small_starburst, serial_rivers,
          chequers_serial_rivers_large_b, chequers_serial_rivers_micro_a,
          chequers_serial_rivers_small_3, chequers_serial_rivers_micro_d,
          chequers_serial_rivers_micro_b, uniq_sigmund, uniq_terence

Skill      XL: |  1  2  3  4  5  6 |
---------------+-------------------+-----
Axes           | 3 4 5 6 7 |  7.0
Fighting       | |  3.0
Throwing       | |  0.9
Armour         | |  1.7
Dodging        | |  1.7

Action                   |  1- 3 |  4- 6 || total
-------------------------+-------+-------++-------
Melee: Hand axe          |    82 |    81 ||   163
       Punch             |       |     2 ||     2
Throw: Dart              |       |    13 ||    13
       Boomerang         |       |     1 ||     1
Invok: Berserk           |     1 |     5 ||     6
 Stab: Sleeping          |       |     2 ||     2
Armor: Animal skin       |    23 |     5 ||    28
       Leather armour    |       |     5 ||     5
Dodge: Dodged            |    52 |    45 ||    97

Table legend: (Time is in decaauts)
 A = Elapsed time spent in this place.
 B = Non-inter-level travel time spent in this place.
 C = Inter-level travel time spent in this place.
 D = Time resting spent in this place.
 E = Time spent auto-exploring this place.
 F = Levels seen in this place.
 G = Mean time per level.
                   A        B        C        D        E       F      G
               +--------+--------+--------+--------+--------+-----+--------+
         Total |   3334 |   3253 |     81 |   1196 |   1488 |   3 | 1111.3 |
       Dungeon |   3334 |   3253 |     81 |   1196 |   1488 |   3 | 1111.3 |
               +--------+--------+--------+--------+--------+-----+--------+

Top non-repeatable levels by time:
     D:1: 1520 daAuts
     D:2: 1344 daAuts
     D:3: 469 daAuts
